 Dungeon Crawl Stone Soup version 0.31-a0-408-gb642c7f9a3 (webtiles) character file.

Game seed: 410965812577103969

1064 drugrobin the Cleaver (level 7, -3/56 HPs)
             Began as a Demigod Delver on July 30, 2023.
             Slain by an ice beast (14 damage)
             ... on level 5 of the Dungeon.
             The game lasted 00:17:14 (5416 turns).

drugrobin the Cleaver (Demigod Delver)              Turns: 5416, Time: 00:17:15

Health: -3/56      AC: 11    Str: 21    XL:     7   Next: 78%
Magic:  9/9        EV: 11    Int: 12    God:
Gold:   284        SH:  0    Dex: 15    Spells: 6/6 levels left

rFire   . . .        a - +0 hand axe (vamp)
rCold   . . .        (no shield)
rNeg    . . .        p - +0 plate armour
rPois   .            (no helmet)
rElec   .            m - scarf {repulsion}
rCorr   .            (no gloves)
SInv    .            I - +0 pair of boots {Stlth+}
Will    .....        (no amulet) Stlth
                     t - +5 ring of evasion
HPRegen 0.29/turn    (no ring)
MPRegen 0.11/turn

%: repel missiles
@: no status effects
A: high MP 1, forlorn, divine attributes
a: no special abilities


You were on level 5 of the Dungeon.
You visited 1 branch of the dungeon, and saw 6 of its levels.

You collected 284 gold pieces.

Inventory:

Hand Weapons
 a - a +0 vampiric hand axe (weapon)
 b - a +2 dagger of venom
 c - a +1 heavy flail
 d - a +0 war axe
 w - the +1 hand axe of Ashenzari, Hugging {drain, Fragile rPois rC- Str+9}
   (You found it on level 3 of the Dungeon)

   Str:       It affects your strength (+9).
   rC:        It makes you vulnerable to cold.
   rPois:     It protects you from poison.
   Fragile:   It will be destroyed if unequipped.
 B - a +0 hand axe
Missiles
 h - 6 boomerangs
 E - 3 throwing nets
 F - 2 javelins
 H - a curare-tipped dart
Armour
 m - a scarf of repulsion (worn)
 p - a +0 plate armour (worn)
 A - a +0 leather armour
 I - a +0 pair of boots of stealth (worn)
Jewellery
 t - a +5 ring of evasion (left hand)
Wands
 g - a wand of digging (3)
 y - a wand of roots (6)
Scrolls
 j - 3 scrolls of teleportation {unknown}
 k - 6 scrolls of identify {unknown}
 l - 3 scrolls of poison {unknown}
 o - 4 scrolls of fear
 q - a scroll of immolation
 r - 2 scrolls of blinking {unknown}
 s - 4 scrolls of noise {unknown}
 x - 3 scrolls of fog
 z - a scroll of amnesia {unknown}
 C - a scroll of brand weapon {unknown}
Potions
 e - 2 potions of enlightenment {unknown}
 f - a potion of haste
 i - a potion of resistance {unknown}
 n - a potion of curing
 u - 2 potions of degeneration {unknown}
 v - 3 potions of heal wounds {unknown}
 D - a potion of lignification {unknown}
 G - 2 potions of cancellation {unknown}
 J - a potion of brilliance {unknown}


   Skills:
 - Level 2.6 Fighting
 + Level 8.9 Axes
 - Level 1.7 Dodging
 - Level 4.5 Stealth


You had 6 spell levels left.
You didn't know any spells.
Your spell library contained the following spells:

 Spells                   Type           Power      Damage    Failure   Level
 Blink                    Tloc           0%         N/A       100%        2
 Lesser Beckoning         Tloc           0%         N/A       100%        2
 Momentum Strike          Conj/Tloc      0%         3d8       100%        2
 Sublimation of Blood     Necr           0%         N/A       100%        2
 Wereblood                Tmut           0%         N/A       100%        2
 Manifold Assault         Tloc           0%         N/A       100%        4
 Summon Hydra             Summ           0%         N/A       100%        7


Dungeon Overview and Level Annotations

Branches:
Dungeon (6/15)
 Temple: D:4-7

Annotations:
D:2 1 runed translucent door, Crazy Yiuf


Innate Abilities, Weirdness & Mutations

You have an increased reservoir of magic. (+10% MP)
You shall have no god before yourself.
Your divine heritage dramatically boosts your attributes as you level up.


Message History

The ice beast barely misses you.
You hit the ice beast.
The ice beast is lightly wounded.
The ice beast barely misses you.
You barely miss the ice beast.
The ice beast is lightly wounded.
The ice beast hits you. The ice beast freezes you!
You closely miss the ice beast.
The ice beast is lightly wounded.
The ice beast hits you but does no damage.
You hit the ice beast but do no damage.
The ice beast is lightly wounded.
The ice beast hits you. The ice beast freezes you!
* * * LOW HITPOINT WARNING * * *
You hit the ice beast.
The ice beast is moderately wounded.
The ice beast hits you but does no damage.
Unknown command.
Your +2 dagger of venom stops dripping with poison.
You feel a sense of dread.
a - a +0 vampiric hand axe (weapon)
The ice beast hits you but does no damage.
You closely miss the ice beast.
The ice beast is moderately wounded.
The ice beast barely misses you.
Unknown command.
You hit the ice beast but do no damage.
The ice beast is moderately wounded.
You closely miss the ice beast.
The ice beast is moderately wounded.
The ice beast barely misses you.
You hit the ice beast.
The ice beast is moderately wounded.
The ice beast hits you but does no damage.
You hit the ice beast.
The ice beast is heavily wounded.
The ice beast hits you.
* * * LOW HITPOINT WARNING * * *
The ice beast freezes you!
You die...

..# #####.##### ###... ###
#.....#### #... # #####....##
##.. ###### ####..#### ##. .....#
##....### #.. ####.#
####...######.# ####.#########
###.....##.#
.............#########...........
#####.######...Y@............####
..###..### ########...######.....
#........# ###....### ####..
######...# #...#### #..# #
##..#####.### ###.## # #.....##.#
##...## # #.###....## #..#### #
#...###...# #.## ## #
###.....#.###########># ##


You could see an ice beast.

Vanquished Creatures
  A water moccasin (D:4)
  A black bear (D:5)
  A kobold brigand (D:4)
  3 scorpions (D:5)
  A hound (D:4)
  2 orc priests
  3 jellies
  2 sleepcaps
  Jessica (D:2)
  4 orc wizards (D:4)
  10 adders
  3 gnolls
  A white imp (D:5)
  2 worms (D:2)
  3 dart slugs (D:2)
  27 orcs
  8 endoplasms
  3 giant cockroaches
  6 hobgoblins
  5 jackals
  14 kobolds
  3 quokkas
  5 ball pythons
  4 bats
  5 frilled lizards
  7 goblins
  9 rats
134 creatures vanquished.

Notes
Turn   | Place    | Note
-------+----------+-------------------------------------------
     0 | D:5      | drugrobin the Demigod Delver began the quest for the Orb.
     0 | D:5      | Reached XP level 1. HP: 18/18 MP: 3/3
   102 | D:5      | Noticed an orc wizard
   118 | D:5      | Noticed a sleepcap
   118 | D:5      | Noticed a scorpion
   121 | D:5      | Noticed a kobold brigand
   193 | D:4      | Noticed a jelly
   336 | D:3      | Reached skill level 2 in Axes
   402 | D:3      | Reached XP level 2. HP: 24/25 MP: 4/4
   642 | D:1      | Reached skill level 3 in Axes
   793 | D:1      | Reached XP level 3. HP: 27/30 MP: 5/5
  1466 | D:2      | Reached skill level 4 in Axes
  1665 | D:2      | Noticed Jessica
  1673 | D:2      | Reached XP level 4. HP: 37/37 MP: 6/6
  1673 | D:2      | Killed Jessica
  1795 | D:2      | Found a runed translucent door.
  1796 | D:2      | Noticed Crazy Yiuf
  2352 | D:3      | Reached skill level 5 in Axes
  2405 | D:3      | Reached XP level 5. HP: 8/42 MP: 7/7
  2753 | D:3      | Identified the +1 hand axe of Ashenzari, Hugging {drain,
                  | Fragile rPois rC- Str+9}
  3596 | D:4      | Reached skill level 6 in Axes
  3652 | D:4      | Reached XP level 6. HP: 23/50 MP: 8/8
  3779 | D:4      | Noticed a water moccasin
  3789 | D:4      | Killed a water moccasin
  4006 | D:4      | Reached skill level 7 in Axes
  4725 | D:5      | Reached XP level 7. HP: 22/56 MP: 9/9
  4768 | D:5      | Reached skill level 8 in Axes
  5416 | D:5      | Slain by an ice beast

Illustrated notes

Levels and vault maps discovered:
D:1:      heliophobic_arrival_henge, layout_loops_ring,
          hellmonk_ecumenical_altar_blasted, minmay_curled_crystal
D:2:      layout_loops_cross, minmay_3d_cube, uniq_crazy_yiuf_cottage,
          uniq_jessica
D:3:      layout_basic
D:4:      layout_basic, minmay_pentangle
D:5:      layout_rooms, kennysheep_little_box
D:6:      layout_basic, minmay_misc_feat_diagonals, kennysheep_decorative_pillar

Skill      XL: |  1  2  3  4  5  6  7 |
---------------+----------------------+-----
Axes           | 2 3 4 5 6 7 8 |  8.9
Fighting       | |  2.6
Dodging        | |  1.7
Stealth        | |  4.5

Action                     |  1- 3 |  4- 6 |  7- 9 || total
---------------------------+-------+-------+-------++-------
  Melee: Hand axe          |   157 |   281 |    68 ||   506
         Punch             |     1 |     7 |     1 ||     9
         Dagger            |       |    34 |    34 ||    68
         Flail             |       |     1 |       ||     1
  Throw: Boomerang         |     1 |       |       ||     1
  Evoke: Wand              |       |     1 |       ||     1
    Use: Scroll            |     2 |       |       ||     2
         Potion            |       |       |     2 ||     2
   Stab: Sleeping          |     7 |       |       ||     7
 Armour: Leather armour    |    38 |       |       ||    38
         Plate armour      |    27 |   139 |    74 ||   240
  Dodge: Dodged            |    91 |   128 |    59 ||   278
         Repelled          |       |     2 |       ||     2

Table legend: (Time is in decaauts)
 A = Elapsed time spent in this place.
 B = Non-inter-level travel time spent in this place.
 C = Inter-level travel time spent in this place.
 D = Time resting spent in this place.
 E = Time spent auto-exploring this place.
 F = Levels seen in this place.
 G = Mean time per level.
                   A        B        C        D        E       F      G
               +--------+--------+--------+--------+--------+-----+--------+
         Total |   5433 |   5181 |    252 |    539 |   3093 |   6 |  905.5 |
       Dungeon |   5433 |   5181 |    252 |    539 |   3093 |   6 |  905.5 |
               +--------+--------+--------+--------+--------+-----+--------+

Top non-repeatable levels by time:
     D:4: 1703 daAuts
     D:3: 1335 daAuts
     D:2: 930 daAuts
     D:1: 749 daAuts
     D:5: 628 daAuts
     D:6: 86 daAuts
